 Dungeon Crawl Stone Soup version 0.21-a0-349-g0c35859 (webtiles) character file.

56 Hasart the Cudgeler (level 3, 0/29 HPs)
             Began as a Mummy Fighter on Oct 8, 2017.
             Slain by a hobgoblin
             ... wielding a +0 club
             ... led by Robin
              (8 damage)
             ... on level 1 of the Dungeon.
             The game lasted 00:04:40 (989 turns).

Hasart the Cudgeler (Mummy Fighter)                  Turns: 989, Time: 00:04:41

Health: 0/29       AC:  8    Str: 20    XL:     3   Next: 71%
Magic:  3/3        EV:  7    Int:  7    God:
Gold:   63         SH:  8    Dex: 11    Spells: 2/2 levels left

rFire    x . .     SeeInvis .   a - +0 flail
rCold    + . .     Gourm    .   c - +0 shield
rNeg     + + +     Faith    .   d - +2 scale mail {rPois}
rPois    ∞         Spirit   .   (no helmet)
rElec    .         Reflect  .   (no cloak)
rCorr    .         Harm     .   (no gloves)
MR       .....                  (no boots)
Stlth    ..........             (no amulet)
HPRegen  0.09/turn              (no ring)
MPRegen  0.08/turn              (no ring)

@: no status effects
A: no food or potions, fire vulnerability, cold resistance 1, negative energy
resistance 3, torment resistance, unbreathing
a: no special abilities


You were on level 1 of the Dungeon.
You were not hungry.

You visited 1 branch of the dungeon, and saw 2 of its levels.

You collected 63 gold pieces.

Inventory:

Hand Weapons
 a - a +0 flail (weapon)
Missiles
 e - 2 throwing nets (quivered)
Armour
 c - a +0 shield (worn)
 d - a +2 scale mail of poison resistance (worn)
Jewellery
 g - an uncursed ring of ice
Scrolls
 b - a scroll of amnesia {unknown}
 f - a scroll of teleportation {unknown}


   Skills:
 - Level 3.0 Fighting
 + Level 3.4 Maces & Flails
 - Level 2.4 Armour
 - Level 2.4 Shields


You had 2 spell levels left.
You didn't know any spells.

Dungeon Overview and Level Annotations

Branches:
Dungeon (2/15)

Altars:

Annotations:
D:2 Robin


Innate Abilities, Weirdness & Mutations

You do not eat or drink.
Your flesh is vulnerable to fire.
You are immune to poison.
Your flesh is cold resistant. (rC+)
You are immune to negative energy. (rN+++)
You are immune to unholy pain and torment.
You can survive without breathing.


Message History

You closely miss the goblin. You block the hobgoblin's attack.
The goblin hits you but does no damage.
You sock the goblin!
You kill the goblin!
The hobgoblin hits you but does no damage. x2
Unknown command.
You see here a club.
The hobgoblin no longer looks unusually strong.
A leopard gecko comes into view.
Robin roars a battlecry!
The hobgoblin no longer looks unusually strong.
There is a stone staircase leading up here.
Robin roars a battlecry!
The hobgoblin goes into a battle-frenzy!
The hobgoblin hits you but does no damage.
You climb upwards.
There is a stone staircase leading down here.
Unknown command.
You closely miss the hobgoblin. The hobgoblin hits you with a club!
You die...

P...................)(....#
.♣♣♣P...........[.........#
.≈♣≈♣...###.....#.....###########
≈♣≈≈≈P..........+.............!..
♣≈≈♣≈...###.....#.....##########.
♣≈≈≈≈.####..................# #.
≈≈≈≈..####...###...÷÷.#####.# #.
≈≈≈..♣##.....###......#####.# #.
.♣..♣...........@........##.# #.
....####....#..g.........##.# #.
.P♣.........#............##.# #.
P.######....#............##.# #.
......#####.#............##.# #.
....#.#####.#............##.# #.
....#.......#............##.# #.
.....#...................##.# #.
............................# #.


You could see a hobgoblin.

Vanquished Creatures
  2 adders (D:2)
  An ooze (D:1)
  2 ball pythons (D:1)
  4 bats
  2 giant cockroaches
  10 goblins
  4 hobgoblins
  A frilled lizard (D:1)
  2 kobolds (D:1)
  3 rats (D:1)
31 creatures vanquished.

Notes
Turn   | Place    | Note
-------+----------+-------------------------------------------
     0 | D:1      | Hasart the Mummy Fighter began the quest for the Orb.
     0 | D:1      | Reached XP level 1. HP: 18/18 MP: 1/1
   192 | D:1      | Reached XP level 2. HP: 23/24 MP: 2/2
   846 | D:2      | Reached XP level 3. HP: 24/29 MP: 3/3
   930 | D:2      | Noticed Robin
   989 | D:1      | Slain by a hobgoblin

Vault maps used:
D:1:      eino_arrival_tree_alley, serial_bayou_pond_a
D:2:      nicolae_tso_swordbearing_angel, uniq_robin

Skill      XL: |  1  2 |
---------------+-------+-----
Maces & Flails | 2 3 |  3.4
Fighting       | |  3.0
Armour         | |  2.4
Shields        | |  2.4

Action                   || total
-------------------------++-------
Melee: Flail             ||   102
Armor: Scale mail        ||    48
Dodge: Dodged            ||    32
Block: Shield            ||    58

Table legend:
 A = Spawn XP
 B = Non-spawn XP
 C = Spawn XP percentage of total XP
 D = Spawn monster count
 E = Non-spawn monster count
 F = Spawn count percentage of total count
 G = Total turns spent on level
                    A         B        C        D         E        F      G
               +---------+---------+-------+---------+---------+-------+---------
         Total |       0 |      81 |   0.0 |       0 |      31 |   0.0 |   989
               +---------+---------+-------+---------+---------+-------+---------
           D:1 |       0 |      34 |   0.0 |       0 |      18 |   0.0 |   843
           D:2 |       0 |      47 |   0.0 |       0 |      13 |   0.0 |   146
               +---------+---------+-------+---------+---------+-------+---------
